 Dungeon Crawl Stone Soup version 0.29.1-12-g30fa7ad0bf (webtiles) character file.

Game seed: 1510371563818469559

293 hawla the Chiller (level 6, -1/45 HPs)
             Began as a Meteoran Ice Elementalist on Jan 10, 2023.
             Slain by a scorpion zombie (3 damage)
             ... on level 4 of the Dungeon.
             The game lasted 00:05:32 (746 turns).

hawla the Chiller (Meteoran Ice Elementalist)        Turns: 746, Time: 00:05:33

Health: -1/45      AC: -2    Str:  8 (10) XL:     6   Next: 91%
Magic:  10/15      EV: 12    Int: 18 (19) God:
Gold:   61         SH:  0    Dex: 13 (14) Spells: 12/16 levels left

rFire   . . .      SeeInvis .   (no weapon)
rCold   . . .      Faith    .   (no shield)
rNeg    . . .      Spirit   .   a - +0 robe
rPois   .          Reflect  .   (no helmet)
rElec   .          Harm     .   (no cloak)
rCorr   .          Rampage  .   (no gloves)
Will    .....                   (no boots)
Stlth   +.........              (no amulet)
HPRegen 0.15/turn               (no ring)
MPRegen 0.14/turn               (no ring)

@: brilliant, corroded, freezing walls, glowing
A: sense surroundings 1, otherworldly, glowing, explore regen
a: no special abilities


You were on level 4 of the Dungeon.
You visited 1 branch of the dungeon, and saw 4 of its levels.

You collected 61 gold pieces.

Inventory:

Armour
 a - a +0 robe (worn)
Scrolls
 e - a scroll of noise {unknown}
 g - a scroll of identify {unknown}
Potions
 b - 2 potions of degeneration
 f - a potion of magic


   Skills:
 + Level 0.2 Fighting
 + Level 2.8 Dodging
 - Level 1.4 Stealth
 + Level 5.5 Spellcasting
 + Level 6.6 Ice Magic


You had 12 spell levels left.
You knew the following spells:

 Your Spells              Type           Power      Damage    Failure   Level
a - Freeze                Ice            100%       1d11      1%          1
b - Frozen Ramparts       Ice            86%        1d13      2%          3

Your spell library contained the following spells:

 Spells                   Type           Power      Damage    Failure   Level
 Ozocubu's Armour         Ice            43%        N/A       2%          3
 Hailstorm                Conj/Ice       25%        3d7       32%         4
 Ice Form                 Ice/Tmut       25%        N/A       32%         4
 Summon Ice Beast         Ice/Summ       25%        N/A       32%         4


Dungeon Overview and Level Annotations

Branches:
Dungeon (4/15) Zot: 1653
 Temple: D:4-7

Altars:
Ru
Yredelemnul

Shops:
D:4 *

Annotations:
D:4 3 runed translucent doors, styxcanada's ghost, amateur SpBr


Innate Abilities, Weirdness & Mutations

You passively map a small area around you.
You are easily found by Zot.
You glow in the dark.
You regain HP and MP as you explore.


Message History

The scorpion zombie completely resists.
The wall freezes the scorpion zombie but does no damage.
The scorpion zombie barely misses you.
Casting: Freeze (safe; 1% risk of failure)
Confirm with . or Enter, or press ? or * to list all spells.
Aiming: Freeze (safe; 1% risk of failure)
Press: ? - help, Shift-Dir - straight line, f/p - jelly
Aim: a jelly (almost dead)
You freeze the jelly!
You kill the jelly!
The wall freezes the scorpion zombie but does no damage.
The scorpion zombie closely misses you.
As you read the scroll labelled QACSORCH PUMOYPN, it crumbles to dust.
You assume a fearsome visage.
The scorpion zombie is unaffected.
It was a scroll of fear.
The scorpion zombie completely resists.
The wall freezes the scorpion zombie but does no damage.
The scorpion zombie hits you.
* * * LOW HITPOINT WARNING * * *
It was a potion of degeneration.
There was something very wrong with that liquid.
You feel weakened.
You feel dopey.
You feel clumsy.
The wall freezes the scorpion zombie but does no damage.
The scorpion zombie completely misses you.
It was a potion of brilliance.
You feel clever all of a sudden.
The scorpion zombie completely resists.
The wall freezes the scorpion zombie but does no damage.
The scorpion zombie hits you.
* * * LOW HITPOINT WARNING * * *
Casting: Freeze (safe; 1% risk of failure)
Confirm with . or Enter, or press ? or * to list all spells.
Aiming: Freeze (safe; 1% risk of failure)
Press: ? - help, Shift-Dir - straight line, f - scorpion zombie
Aim: a scorpion zombie (lightly damaged)
You feel a surge of power!
You freeze the scorpion zombie but do no damage.
The scorpion zombie completely resists. x2
The wall freezes the scorpion zombie but does no damage.
The scorpion zombie hits you.
You die...

#.# * #.# #.#####* #
, ,*####(.... # , *
....... , #,** .....
#, ... **... * *** #,
... *#.# ,,, # #.#
#@### # #.# #.Z.# ,
#.# ###'# , #.#
####.#*, * #.##
###....# , ##..##
##.#.#### ,* ,
####....####....+.[#*
,
.....#....##._..+.[#*
, ,
####....####....+.$#
,


You could see a scorpion zombie.

Vanquished Creatures
  2 scorpions (D:4)
  A jelly (D:4)
  An orc priest (D:4)
  An orc wizard (D:4)
  A howler monkey zombie (D:4)
  3 gnolls (D:4)
  An adder (D:4)
  A worm (D:2)
  2 dart slugs (D:1)
  2 orcs (D:4)
  A bat (D:1)
  2 endoplasms
  2 giant cockroaches
  6 goblins
  3 hobgoblins
  A quokka (D:4)
  5 ball pythons
  3 kobolds
  3 rats (D:1)
41 creatures vanquished.

Notes
Turn   | Place    | Note
-------+----------+-------------------------------------------
     0 | D:1      | hawla the Meteoran Ice Elementalist began the quest for the
                  | Orb.
     0 | D:1      | Reached XP level 1. HP: 14/14 MP: 5/5
    62 | D:1      | Reached XP level 2. HP: 6/20 MP: 2/6
   121 | D:1      | Reached skill level 5 in Ice Magic
   137 | D:1      | Reached XP level 3. HP: 19/26 MP: 0/8
   219 | D:2      | Learned a level 3 spell: Frozen Ramparts
   231 | D:3      | Found a sacrificial altar of Ru.
   239 | D:4      | Found Vecimnomi's Assorted Antiques.
   298 | D:4      | Reached XP level 4. HP: 24/33 MP: 6/10
   400 | D:4      | Noticed a scorpion
   405 | D:4      | Killed a scorpion
   406 | D:4      | Reached XP level 5. HP: 32/38 MP: 6/12
   431 | D:4      | Reached skill level 6 in Ice Magic
   431 | D:4      | Reached XP level 6. HP: 24/45 MP: 7/13
   569 | D:4      | Reached skill level 5 in Spellcasting
   697 | D:4      | Found a runed translucent gate.
   697 | D:4      | Found a runed translucent gate.
   697 | D:4      | Found a runed translucent gate.
   697 | D:4      | Noticed styxcanada's ghost (amateur SpBr)
   699 | D:4      | Found a basalt altar of Yredelemnul.
   745 | D:4      | HP: 2/45 [scorpion zombie (4)]
   746 | D:4      | Slain by a scorpion zombie

Illustrated notes

Levels and vault maps discovered:
D:1:      co_arrival_random_square_maze, layout_basic
D:2:      layout_basic, minmay_box_of_dots, uniq_natasha
D:3:      layout_basic, lemuel_crystal_altar, ebering_ghost_reflecting_pool,
          shapermc_ecumenical_altar_gd
D:4:      layout_loops_corners, nicolae_yredelemnul_ghost_church, serial_shops,
          nicolae_stop_n_shop_2

Skill      XL: |  1  2  3  4  5  6 |
---------------+-------------------+-----
Ice Magic      | 5 6 |  6.6
Spellcasting   | 3 4 5 |  5.5
Fighting       | |  0.2
Dodging        | |  2.8
Stealth        | |  1.4

Action                   |  1- 3 |  4- 6 || total
-------------------------+-------+-------++-------
Melee: Unarmed           |     2 |    24 ||    26
 Cast: Freeze            |    31 |    16 ||    47
       Frozen Ramparts   |     4 |     6 ||    10
  Use: Potion            |     1 |     2 ||     3
       Scroll            |       |     1 ||     1
Armor: Robe              |     4 |    10 ||    14
Dodge: Dodged            |    20 |    21 ||    41
